[Event "*** Titled Tuesday Blitz"]
[Site "Chess.com"]
[Date "2020.05.12"]
[Round "6"]
[White "EddieMarsalla"]
[Black "katchesskat"]
[Result "1-0"]
[WhiteElo "2534"]
[BlackElo "2262"]
[TimeControl "180+1"]
[EndTime "11:07:34 PDT"]
[Termination "EddieMarsalla won on time"]

1. c4 c5 2. g3 e6 3. Bg2 a6 4. Nc3 Qc7 5. e3 Nf6 6. Nge2 d6 7. b3 Be7 8. Bb2 Nbd7 9. O-O Rb8 10. d4 b6 11. d5 e5 12. e4 b5 13. cxb5 axb5 14.
Rc1 Qa7 15. a3 Ba6 16. Re1 b4 17. axb4 Rxb4 18. Ra1 Qb7 19. Nc1 O-O 20. Ba3 Rd4 21. Qc2 Rb8 22. N3e2 Bxe2 23. Nxe2 Qxb3 24. Nxd4 exd4 25.
Qxb3 Rxb3 26. Reb1 Rxb1+ 27. Rxb1 g5 28. f4 h6 29. Rb7 Kf8 30. h4 g4 31. Kf2 Ke8 32.
Ke2 Kd8 33. Kd3 Kc8 34. Rb1 Kc7 35. Re1 Nb6 36. Rb1 Nfd7 37. h5 Na4 38. Ra1 Ndb6 39. e5 Nc3 40. Bb2 Ncxd5 41. Ra7+ Kd8 42. exd6 Bxd6 43. Rxf7 Ne3 44. Bc6 Nbd5 45. Rd7+ Kc8 46. Rxd6 Kc7 47. Rxd5 Kxc6 48. Re5 Nf1 49. Re6+ Kd5 50.
Rxh6 Nxg3 51. Bxd4 cxd4 52. Rg6 Ne4 53. h6 Nc5+ 54.
Ke2 Ke4 55. h7 d3+ 56. Kd1 Ke3 57. h8=Q Ne4 58. Qe5 Kf3 59. Qxe4+ Kxe4 60. Rxg4 Kf5 61. Rh4 1-0

[Event "*** Titled Tuesday Blitz"]
[Site "Chess.com"]
[Date "2020.05.12"]
[Round "6"]
[White "GreatOwl02"]
[Black "kingmonkey2006"]
[Result "0-1"]
[WhiteElo "2341"]
[BlackElo "2661"]
[TimeControl "180+1"]
[EndTime "11:07:34 PDT"]
[Termination "kingmonkey2006 won on time"]

1. e4 d6 2. d4 Nd7 3. c4 e5 4.
Nf3 Ngf6 5. Nc3 c6 6. Be2 Qc7 7. O-O Be7 8. Rb1 O-O 9. Qc2 a5 10. Rd1 Rd8 11. h3 b6 12. Be3 Bb7 13. Rbc1 Nf8 14.
a3 Ng6 15. b4 axb4 16. axb4 h6 17. b5 c5 18. dxe5 dxe5 19. Nd5 Bxd5 20. exd5 Bd6 21. Nd2 Ra7 22. Ra1 Rda8 23. Rxa7 Qxa7 24. Bd3 Ne7 25. Ne4 Nxe4 26. Bxe4 Qa2 27. Re1 Ra4 28.
Qxa2 Rxa2 29. Bd3 f5 30. g4 f4 31. Bc1 g5 32. Kg2 Kf7 33. Re2 Kf6 34. Rxa2 e4 35. Bxe4 Ke5 36. Bf3 Kd4 37. Be2 Kc3 38. Ra3+ Kc2 39.
Ra1 Be5 40. Ra7 Ng6 41. Ba3 Bd4 42. Rb7 Kd2 43. Bf3 Ne5 44. Rxb6 Nxc4 45. Rc6 Nxa3 46. d6 Nc2 47. d7 Ne1+ 48. Kf1 Nxf3 49. d8=Q Nh2+ 50. Kg2 f3+ 51. Kxh2 Ke2 52. Kh1 Kxf2 53. Rxc5 Bxc5 54. Qd2+ Kg3 55. Qe1+ f2 56. Qc3+ Kf4 57.
Kg2 Bb6 58. Qc4+ Ke5 59. Qc6 Bd4 60. b6 Kf4 61. b7 Ke3 62. b8=Q Ke2 63. Qb3 f1=Q+ 64.
Kh2 Be5+ 65. Qg3 Qf2+ 0-1

[Event "*** Titled Tuesday Blitz"]
[Site "Chess.com"]
[Date "2020.05.12"]
[Round "6"]
[White "davidkalashian"]
[Black "Jumbo"]
[Result "0-1"]
[WhiteElo "2513"]
[BlackElo "2824"]
[TimeControl "180+1"]
[EndTime "11:07:36 PDT"]
[Termination "Jumbo won by checkmate"]

1. d4 d5 2. Nf3 e6 3. c4 Nf6 4. Nc3 c6 5. Qd3 dxc4 6. Qxc4 b5 7. Qd3 a6 8. e4 c5 9. dxc5 Qxd3 10. Bxd3 Bxc5 11.
e5 Nfd7 12. Ne4 Bb7 13. Bf4 Nc6 14. Rc1 Nb4 15. Bb1 Rc8 16. a3 Nd5 17. Bd2 O-O 18. Ke2 Be7 19. Rxc8 Rxc8 20. Rc1 Rxc1 21. Bxc1 Kf8 22.
Bd2 h6 23. g3 Ke8 24. Ba2 N7b6 25. Nd4 Na4 26. Bc1 Nb4 27. Bb1 Nd5 28. f4 Ndb6 29. Kd3 Nc4 30. b3 Bxe4+ 31. Kxe4 Nc3+ 32. Kd3 Nxb1 33.
bxc4 Nxa3 34. cxb5 Nxb5 35. Nc6 Bc5 36. h3 Bb6 37.
Kc4 Nc7 38. g4 Nd5 39. f5 Ne7 40. Nb8 exf5 41. gxf5 Nxf5 42. Nxa6 Kd7 43. Nb4 Ke6 44. Nd5 Bd4 45. Nf4+ Kxe5 46. Nd3+ Ke4 47. Nb4 g5 48. Nc6 Be3 49. Bb2 h5 50. Nd8 Nd6+ 51. Kb3 f5 52. h4 gxh4 53. Ne6 h3 54. Ng7 h2 55.
Nxh5 Kf3 56. Nf6 h1=Q 57. Nd5 Qd1+ 58. Ka3 Qxd5 59. Bc3 Nb5+ 60. Kb2 Nxc3 61. Ka1 Qa2# 0-1

[Event "*** Titled Tuesday Blitz"]
[Site "Chess.com"]
[Date "2020.05.12"]
[Round "6"]
[White "I_Hit_18K_on_BS"]
[Black "OMGCovid-19"]
[Result "0-1"]
[WhiteElo "2183"]
[BlackElo "1934"]
[TimeControl "180+1"]
[EndTime "11:07:36 PDT"]
[Termination "OMGCovid-19 won by checkmate"]

1. e4 e6 2. d4 d5 3. Nc3 Bb4 4. e5 c5 5. a3 Bxc3+ 6. bxc3 Qc7 7. Qg4 f5 8. Qg3 cxd4 9. cxd4 Ne7 10. Bb5+ Bd7 11. Bxd7+ Nxd7 12. Ne2 O-O 13. O-O Qxc2 14. Nf4 Qc6 15. Bd2 Nb6 16. Bb4 Rf7 17. Nh5 Ng6 18. Nf4 Nxf4 19. Qxf4 Nc4 20. Rac1 Qd7 21. Rc3 a5 22. Bc5 b6 23. Bd6 Nxd6 24. exd6 Rd8 25. Rb1 Qxd6 26. Qxd6 Rxd6 27. Rc8+ Rf8 28. Rc7 h6 29.
Ra7 Rc8 30. Ra6 Rdc6 31. g3 Rc1+ 32. Rxc1 Rxc1+ 33. Kg2 Rb1 34. Ra8+ Kf7 35. a4 Rb4 36. Rb8 Rxa4 37. Rxb6 Rxd4 38. Kf3 Ra4 39. Ke3 Kf6 40. f4 Ra3+ 41. Kf2 Ra2+ 42. Kg1 g5 43. fxg5+ hxg5 44. h4 gxh4 45. gxh4 f4 46. h5 Kg5 47. Rb8 Kxh5 48.
Re8 Re2 49. Rf8 Kg5 50. Rg8+ Kf5 51. Ra8 Ra2 52. Rf8+ Ke4 53. Kf1 e5 54. Kg1 d4 55.
Ra8 Ke3 56. Rd8 e4 57. Kh1 d3 58. Rg8 f3 59. Rg1 f2 60. Rb1 Ke2 61. Kg2 e3 62. Rf1 d2 63. Rh1 d1=Q 64. Rh2 Qg1+ 65. Kh3 Qxh2+ 66. Kxh2 f1=N+ 67. Kg2 Ke1+ 68. Kh1 Rh2+ 69.
Kg1 Rc2 70. Kh1 a4 71. Kg1 a3 72. Kh1 a2 73. Kg1 a1=R 74. Kh1 Ng3+ 75. Kg1 Ne2+ 76. Kh1 Nf4 77. Kg1 Kd2+ 78. Kh2 Kd3+ 79. Kg3 e2 80. Kxf4 e1=R 81. Kf5 Rf2+ 82. Kg5 Ra5+ 83. Kh4 Rg1 84. Kh3 Rh5# 0-1

[Event "*** Titled Tuesday Blitz"]
[Site "Chess.com"]
[Date "2020.05.12"]
[Round "6"]
[White "GMartin_Petrov"]
[Black "plumalka"]
[Result "0-1"]
[WhiteElo "2571"]
[BlackElo "2459"]
[TimeControl "180+1"]
[EndTime "11:07:38 PDT"]
[Termination "plumalka won on time"]

1. c4 c5 2. Nf3 Nc6 3. Nc3 e5 4. e3 Nf6 5. d4 cxd4 6. exd4 e4 7. Ne5 Bb4 8. Nxc6 dxc6 9. Be2 O-O 10. O-O Bf5 11. h3 Qd7 12. Bg5 Qd6 13. Qa4 Bxc3 14. bxc3 Rfe8 15. Rab1 b6 16. Qb4 Qe6 17. Rfd1 e3 18.
Bxe3 Bxb1 19. Qxb1 Ne4 20. Qc2 Nxf2 21. Bxf2 Qxe2 22.
Rd2 Qe4 23. Qb3 Re6 24. d5 Rg6 25. g3 cxd5 26. cxd5 Rd8 27. c4 h5 28. a4 h4 29.
g4 f5 30. Qd3 Qxd3 31. Rxd3 fxg4 32. Bxh4 gxh3+ 33. Kh2 Rd7 34. a5 Rg2+ 35. Kxh3 Rc2 36. axb6 axb6 37. Rd4 Kf7 38. Bg3 g5 39. Kg4 Kg6 40.
Re4 b5 41. d6 Rxc4 42. Rxc4 bxc4 43. Kf3 Kf5 44. Ke3 Kg4 45. Be5 Kf5 46. Bg3 c3 47. Kd3 g4 48. Bh2 Ke6 49. Kxc3 Rh7 50. Bf4 Kf5 51.
Be3 g3 52. Kd3 Ke5 53. Ke2 Kxd6 54. Bf4+ Kd5 55. Bxg3 Ke4 56. Kf2 Rf7+ 57. Kg2 Rg7 58. Kh2 Kf3 59. Bb8 Rg2+ 60. Kh1 Rg8 61. Bc7 Rh8+ 62.
Bh2 Rh7 63. Kg1 Rb7 64. Kh1 Rb2 65. Bg1 Kg3 66. Ba7 Rb7 67. Bd4 Re7 68. Bc5 Re6 69. Bd4 Re2 70. Bc5 Re1+ 0-1

[Event "*** Titled Tuesday Blitz"]
[Site "Chess.com"]
[Date "2020.05.12"]
[Round "6"]
[White "mirochka"]
[Black "VALPARAISO37"]
[Result "1-0"]
[WhiteElo "2186"]
[BlackElo "2367"]
[TimeControl "180+1"]
[EndTime "11:07:38 PDT"]
[Termination "mirochka won on time"]

1. e4 e5 2. Nf3 Nc6 3. d4 exd4 4.
Nxd4 Bc5 5. Be3 Qf6 6. c3 Nge7 7. Bc4 O-O 8. O-O Bb6 9. Nc2 Qg6 10. Nd2 d6 11.
Bxb6 axb6 12. Ne3 Be6 13. Qe2 Kh8 14. f4 Qh6 15. f5 Bxc4 16. Ndxc4 f6 17. g3 Qh3 18.
Ng2 Ne5 19. Nf4 Qh6 20. Nxe5 fxe5 21. Ne6 Rfc8 22. g4 Nc6 23. g5 Qh4 24. f6 gxf6 25. Rxf6 Rg8 26. Kh1 Rxg5 27. Nxg5 Qxg5 28. Qf3 Rg8 29.
Rf8 Ne7 30. Rxg8+ Nxg8 31. Rg1 Qe7 32. Qg4 Qf7 33. b3 c6 34. Qg2 Nf6 35. c4 d5 36.
cxd5 cxd5 37. Rf1 Qe6 38. exd5 Qxd5 39. Qxd5 Nxd5 40. Rf5 Nb4 41. Rxe5 Nxa2 42. Rb5 Nc1 43. Rxb6 Nd3 44. Rxb7 h5 45. b4 h4 46. h3 Nf2+ 47.
Kg2 Ne4 48. b5 Nd6 49. Rb6 Nc4 50. Rh6+ Kg7 51. Rxh4 Nd6 52. Rb4 Nb7 53. b6 Kf6 54. h4 Kf5 55. Rc4 Ke5 56. Rc7 Nd6 57. b7 Ne4 58. b8=Q Kd4 59. Qb4+ Kd5 60. Rd7+ Ke6 61.
Qe7+ Kf5 62. Rd5+ Kf4 63. Qf7+ Ke3 64. Re5 Kd4 65. Rxe4+ Kd3 66. Qf5 Kc3 67. Qf3+ 1-0

[Event "*** Titled Tuesday Blitz"]
[Site "Chess.com"]
[Date "2020.05.12"]
[Round "6"]
[White "DanielDardha2005"]
[Black "okriak"]
[Result "1-0"]
[WhiteElo "2642"]
[BlackElo "2787"]
[TimeControl "180+1"]
[EndTime "11:07:39 PDT"]
[Termination "DanielDardha2005 won by resignation"]

1. e4 e5 2. Bc4 Nc6 3. Nf3 Bc5 4. c3 Nf6 5. d3 d6 6. Bb3 a5 7. h3 h6 8. Nbd2 b5 9. Nf1 a4 10. Bc2 Bb6 11. Ng3 O-O 12. O-O d5 13. exd5 Qxd5 14. Re1 Bb7 15. Ne4 Nxe4 16. dxe4 Qe6 17. Nh4 Rad8 18.
Qf3 Ne7 19. Be3 Bxe3 20. Qxe3 Qf6 21. Nf5 Nxf5 22. exf5 Qc6 23. f3 f6 24. Rad1 Qb6 25.
Qxb6 cxb6 26. a3 Kf7 27. Kf2 Rxd1 28. Rxd1 Ke7 29. Ke3 Bc6 30. g4 h5 31. f4 hxg4 32. hxg4 Rh8 33. fxe5 fxe5 34. Rg1 Rh2 35. Bd3 Rxb2 36.
g5 Rb3 37. f6+ gxf6 38. gxf6+ Kf7 39. Rg7+ Kf8 40. Bg6 Rxc3+ 41. Kd2 Rf3 42. Rf7+ Kg8 43. Rg7+ Kf8 44. Rf7+ Kg8 45. Rg7+ Kh8 46. Rh7+ Kg8 47. f7+ Kf8 48. Rh8+ Ke7 49. Re8+ Kd6 50. f8=Q+ Rxf8 51. Rxf8 Kc5 52. Kc3 Bd5 53. Rc8+ Kd6 54. Rd8+ Kc5 55.
Bd3 Bc6 56. Rc8 Kd6 57. Rxc6+ Kxc6 58. Kb4 Kd5 59. Kxb5 Kd4 60. Bf1 Kc3 61. Kxa4 e4 62. Kb5 e3 63. a4 Kb3 64. Be2 Ka3 65. Bd1 Kb2 66. Kxb6 Kc1 67. Bf3 Kd2 68. a5 1-0

[Event "*** Titled Tuesday Blitz"]
[Site "Chess.com"]
[Date "2020.05.12"]
[Round "6"]
[White "Gandrade2"]
[Black "freshfoodcompany"]
[Result "0-1"]
[WhiteElo "2046"]
[BlackElo "2251"]
[TimeControl "180+1"]
[EndTime "11:07:39 PDT"]
[Termination "freshfoodcompany won on time"]

1. b3 d5 2. Bb2 c5 3. e3 Nc6 4.
Bb5 Nf6 5. f4 Bg4 6. Nf3 e6 7.
O-O Be7 8. Qe1 O-O 9. Bxc6 bxc6 10. Ne5 Bd6 11. Nxg4 Nxg4 12. d3 Be7 13. Nd2 Bf6 14. Bxf6 Qxf6 15. Qg3 Nh6 16. Rae1 Nf5 17. Qf2 Rfd8 18.
e4 Nd4 19. Nf3 Nxf3+ 20. Qxf3 Qc3 21. Re2 Rac8 22. f5 Qd4+ 23. Kh1 Rf8 24. Qh3 Kh8 25.
Ref2 exf5 26. exd5 cxd5 27. Rxf5 Rce8 28. Qf3 Qc3 29.
Rxf7 Rg8 30. Qf2 c4 31. dxc4 dxc4 32. Rc7 Qa5 33. Qxa7 Qxa7 34. Rxa7 Re2 35. bxc4 Rxc2 36. h3 Rxc4 37. Rff7 Rc2 38. a4 Ra2 39. a5 h6 40. a6 Kh7 41. Rfd7 Ra1+ 42. Kh2 Ra2 43. Rd6 Rf8 44. Rb7 Rff2 45. Kg3 Rxg2+ 46. Kf4 Rgf2+ 47. Ke5 Rfe2+ 48. Kd5 Red2+ 49. Ke6 Re2+ 50. Kd7 Rh2 51.
a7 Rxh3 52. Rdb6 Rha3 53. Kc7 Rxa7 54. Kb8 Rxb7+ 55. Rxb7 Kg6 0-1

[Event "*** Titled Tuesday Blitz"]
[Site "Chess.com"]
[Date "2020.05.12"]
[Round "6"]
[White "Oleksandr_Bortnyk"]
[Black "GMSrinath"]
[Result "1/2-1/2"]
[WhiteElo "2983"]
[BlackElo "2830"]
[TimeControl "180+1"]
[EndTime "11:07:40 PDT"]
[Termination "Game drawn - insufficient material"]

1. e4 c6 2. c4 d5 3. cxd5 cxd5 4. exd5 Nf6 5. Qa4+ Nbd7 6. Nc3 g6 7. Bc4 Bg7 8. Nf3 O-O 9. d3 a6 10. Qa3 Nh5 11.
O-O Rb8 12. Bb3 b5 13. Qb4 a5 14. Qh4 a4 15. Bc2 a3 16. Qb4 Ndf6 17. Bb3 Bb7 18. Rb1 Nxd5 19. Nxd5 Bxd5 20. Bxd5 Qxd5 21. Qxa3 Ra8 22.
Qxe7 Qxd3 23. Bg5 Rxa2 24. Rbd1 Qf5 25. b4 h6 26. Be3 Nf4 27. Qb7 Rb2 28. Bxf4 Qxf4 29.
Qxb5 Rxb4 30. Qd7 Rbb8 31. Rfe1 Qf6 32. Qg4 h5 33. Qe4 Rbd8 34. h4 Rxd1 35. Rxd1 Rd8 36.
Re1 Bh6 37. Qb7 Bf8 38. g3 Rd3 39. Kg2 Qf5 40. Re8 Qd5 41. Qxd5 Rxd5 42. Ng5 Kg7 43. Rb8 Be7 44. Nf3 Rf5 45. Rb7 Bc5 46. Rb2 Rf6 47. Rc2 Bb6 48. Ng5 Rd6 49. Ne4 Re6 50. f3 f6 51. Rb2 Bd4 52. Rb7+ Kg8 53. Rd7 Bb2 54. Rc7 Rb6 55. Rd7 Be5 56. g4 Rb2+ 57. Kf1 hxg4 58. fxg4 Rb4 59. Nf2 Rf4 60. Kg2 Bd4 61. Nd3 Rxg4+ 62.
Kf3 Rxh4 63. Nf4 Be5 64. Nxg6 Ra4 65. Nxe5 fxe5 66. Re7 Ra5 67. Ke4 Kf8 68. Rxe5 Rxe5+ 69. Kxe5 1/2-1/2

[Event "*** Titled Tuesday Blitz"]
[Site "Chess.com"]
[Date "2020.05.12"]
[Round "6"]
[White "2008king"]
[Black "calin_dragomirescu"]
[Result "1/2-1/2"]
[WhiteElo "2091"]
[BlackElo "2287"]
[TimeControl "180+1"]
[EndTime "11:07:40 PDT"]
[Termination "Game drawn by repetition"]

1. e4 g6 2. d4 Bg7 3. Nc3 d6 4.
Nf3 a6 5. Be3 b5 6. Bd3 Bb7 7.
a3 Nd7 8. Qd2 Rc8 9. O-O c5 10.
d5 c4 11. Be2 Ngf6 12. Nd4 O-O 13. f3 Nc5 14. Rac1 h5 15. b4 cxb3 16. cxb3 Ncd7 17. Na2 Kh7 18. Nb4 Ne5 19. Nbc6 Bxc6 20. Nxc6 Nxc6 21. dxc6 Ng8 22. a4 Bh6 23. Bxh6 Nxh6 24. axb5 axb5 25. Qd4 e5 26. Qd5 Qb6+ 27. Kh1 Rfd8 28. Qxb5 Qxb5 29. Bxb5 Rc7 30. Rfd1 Kg7 31. Rd5 Kf6 32. Ba4 Ke7 33. b4 Ng8 34. b5 Rb8 35. Rcd1 Ra8 36. Bc2 Ra2 37. Bb3 Rb2 38. R5d3 Nf6 39. Rc1 d5 40. b6 Rxc6 41. Rxc6 Rb1+ 42. Bd1 dxe4 43. fxe4 Nxe4 44. Kg1 f5 45. Rc7+ Kf6 46. b7 Kg5 47. h4+ Kxh4 48. Rc8 Rxb7 49. Kh2 Kg5 50. Bf3 Rb4 51.
Bxe4 Rxe4 52. Rd6 Rh4+ 53. Kg1 Rg4 54. Rg8 Kh6 55. Ra8 f4 56. Raa6 f3 57. Kf2 fxg2 58. Kg1 h4 59. Ra3 Kh5 60. Rh3 e4 61. Rh2 Kg5 62. Rxg2 Rxg2+ 63. Kxg2 Kf5 64. Ra6 g5 65. Ra5+ Kf4 66. Ra4 g4 67. Ra1 h3+ 68. Kf2 g3+ 69.
Kg1 Kf3 70. Rf1+ Kg4 71. Rf8 e3 72. Rg8+ Kf3 73. Rf8+ Kg4 74. Re8 Kf3 75. Rf8+ Kg4 1/2-1/2

[Event "*** Titled Tuesday Blitz"]
[Site "Chess.com"]
[Date "2020.05.12"]
[Round "6"]
[White "korbul"]
[Black "Parkas"]
[Result "1/2-1/2"]
[WhiteElo "2562"]
[BlackElo "2415"]
[TimeControl "180+1"]
[EndTime "11:07:43 PDT"]
[Termination "Game drawn by repetition"]

1. d4 Nf6 2. c4 e6 3. Nf3 c5 4. d5 b5 5. Bg5 h6 6. Bxf6 Qxf6 7. Nc3 b4 8. Nb5 Kd8 9. d6 a6 10. Nc7 Ra7 11. e4 Qxb2 12. e5 Qc3+ 13. Ke2 Nc6 14. Rc1 Nd4+ 15. Nxd4 Qxd4 16. Qxd4 cxd4 17. Kd3 g5 18. Kxd4 f6 19. c5 fxe5+ 20. Ke3 Bb7 21. f3 h5 22. Bd3 Bh6 23. Ke2 g4 24. Rc2 Rf8 25. Be4 Bxe4 26. fxe4 Rxc7 27. dxc7+ Kxc7 28. Rd1 a5 29. Rd6 Ra8 30. Rd3 h4 31. Rc4 Rf8 32. h3 g3 33. Rf3 Rxf3 34. Kxf3 Bg5 35. Ke2 Kc6 36. Kd3 Be7 37. Rc1 Bxc5 38. Rf1 d5 39. Rf6 Kd6 40. Rh6 a4 41. Rxh4 b3 42. axb3 axb3 43.
Kc3 d4+ 44. Kxb3 Bb6 45. Kc4 Ba5 46. Rg4 Be1 47. h4 Ke7 48. h5 Bd2 49. Rxg3 Kf6 50. Rg6+ Kf7 51. g4 Bf4 52. Kd3 Be3 53. Ke2 Bf4 54.
g5 Bc1 55. Rf6+ Ke7 56. Rg6 Kf7 57. Rf6+ Ke7 58. Rh6 Bxg5 59. Rh7+ Kf6 60. Rd7 Bf4 61. Kf3 Kg5 62. Rh7 d3 63. Rh8 d2 64. Rd8 Kxh5 65. Rd3 Kg5 66. Rd6 Kf6 67. Ke2 Ke7 68. Rd3 Kf6 69. Rh3 Ke7 70. Rd3 Kf6 71. Rh3 Ke7 72.
Rd3 1/2-1/2

[Event "*** Titled Tuesday Blitz"]
[Site "Chess.com"]
[Date "2020.05.12"]
[Round "6"]
[White "Glidzhian_Gor"]
[Black "atwalcb"]
[Result "1/2-1/2"]
[WhiteElo "2455"]
[BlackElo "2297"]
[TimeControl "180+1"]
[EndTime "11:07:43 PDT"]
[Termination "Game drawn by repetition"]

1. e4 d6 2. d4 Nf6 3. Nc3 Nbd7 4.
Nf3 e5 5. Bc4 Be7 6. O-O O-O 7.
Bg5 h6 8. Bh4 Nh5 9. Bg3 Nxg3 10. fxg3 c6 11. Kh1 b5 12. Bb3 a5 13. a4 b4 14. Ne2 Ba6 15. Rf2 Bf6 16. dxe5 Nxe5 17. Nxe5 dxe5 18. Qe1 Qb6 19. Ng1 Bg5 20. Rf5 Rae8 21.
Nf3 Bf6 22. Nh4 Bxh4 23. gxh4 c5 24. Bd5 Bc8 25. Rf3 Be6 26. Qg3 Bxd5 27. exd5 f5 28. Rd1 Qd6 29. h5 f4 30. Qg6 Qxg6 31. hxg6 Rf6 32. d6 Rxg6 33. d7 Rd8 34. Rfd3 Kf7 35. Rd5 Re6 36. Rxc5 Ke7 37. Rxa5 Rxd7 38. Rxd7+ Kxd7 39. Kg1 e4 40. Kf2 e3+ 41. Ke1 Rc6 42. c3 bxc3 43.
bxc3 Rxc3 44. Ra7+ Ke6 45. Rxg7 Rc1+ 46. Ke2 Rc2+ 47. Ke1 Kf5 48. a5 Ra2 49. Rf7+ Ke5 50. Re7+ Kf6 51. Re4 Kf5 52. Re8 Rxa5 53. Kf1 Ra1+ 54.
Ke2 Ra2+ 55. Kf1 Rf2+ 56. Kg1 Rb2 57. Kf1 h5 58. Re7 h4 59. h3 Rb5 60. Ke2 Re5 61.
Rh7 Ke4 62. Rxh4 Ra5 63. Rh8 Ra2+ 64. Kf1 Rf2+ 65. Kg1 Rc2 66. Kf1 Rc4 67. Re8+ Kd3 68. Rd8+ Ke4 69. Re8+ Kf5 70. Rf8+ Kg5 71. Rg8+ Kh4 72.
Rg4+ Kh5 73. Ke1 Rc2 74. Kf1 Rf2+ 75. Kg1 Kh6 76. Rg8 Kh5 77. Rg4 Kh6 78. Rg8 Kh5 79. Rg7 Kh6 80. Rg8 1/2-1/2

[Event "*** Titled Tuesday Blitz"]
[Site "Chess.com"]
[Date "2020.05.12"]
[Round "6"]
[White "lupta_robin"]
[Black "chito89"]
[Result "1/2-1/2"]
[WhiteElo "2593"]
[BlackElo "2745"]
[TimeControl "180+1"]
[EndTime "11:07:44 PDT"]
[Termination "Game drawn - insufficient material"]

1. e4 g6 2. d4 Bg7 3. Nf3 d6 4. Bc4 c6 5. Bb3 e6 6. O-O Ne7 7. c3 d5 8. e5 c5 9. dxc5 Nd7 10. Bf4 Nxc5 11. Bc2 h6 12. Nbd2 b6 13. Nb3 Ba6 14.
Re1 Rc8 15. Nbd4 Nf5 16. Bxf5 gxf5 17. b4 Nd3 18. Qa4+ Qd7 19. Qxa6 Nxf4 20. Nb5 O-O 21. a4 Ra8 22. a5 Kh7 23. Nbd4 bxa5 24. Rxa5 Rfc8 25. g3 Ng6 26. Qd3 Qc7 27. Nb5 Qe7 28. h4 a6 29. Nd6 Rc6 30. b5 Nxe5 31. Nxe5 Rxd6 32. bxa6 Qc7 33. Ra4 Bxe5 34. Rxe5 Rdxa6 35. Rxf5 exf5 36. Rxa6 Rxa6 37. Qxa6 Qxc3 38. Qb7 Qe1+ 39.
Kg2 Qe4+ 40. Kh2 Kg6 41. Qc6+ Qe6 42. Qc7 h5 43. Qd8 Qe4 44. Qg5+ Kh7 45. Qxh5+ Kg7 46. Qg5+ Kh7 47. Qf6 Qe6 48. Qxe6 fxe6 49. Kg2 e5 50. Kf3 Kg6 51. Ke2 Kh5 52. Kf3 d4 53. Ke2 e4 54.
Kd2 Kg4 55. Ke2 f4 56. Ke1 d3 57. Kd2 fxg3 58. fxg3 Kxg3 59. h5 Kf2 60. h6 e3+ 61. Kxd3 e2 62. h7 e1=Q 63. h8=Q Qe2+ 64. Kc3 Qe3+ 65. Kb4 Qe1+ 66. Qc3 Qxc3+ 67. Kxc3 1/2-1/2

[Event "*** Titled Tuesday Blitz"]
[Site "Chess.com"]
[Date "2020.05.12"]
[Round "6"]
[White "PlayChessSimple"]
[Black "BaMBoMaTTo"]
[Result "0-1"]
[WhiteElo "2499"]
[BlackElo "2645"]
[TimeControl "180+1"]
[EndTime "11:07:44 PDT"]
[Termination "BaMBoMaTTo won on time"]

1. e4 c5 2. Nf3 d6 3. d4 cxd4 4.
Nxd4 Nf6 5. Nc3 a6 6. g3 e5 7. Nb3 Be7 8. Bg2 O-O 9. O-O b5 10.
Nd5 Nxd5 11. Qxd5 Ra7 12. Be3 Be6 13. Qd2 Ra8 14. a4 Nc6 15. Rfd1 Qc7 16. a5 Rac8 17. Bb6 Qb7 18. Nc1 Nb8 19. Nd3 Nd7 20. Be3 Nf6 21. Bg5 Rc4 22. Bxf6 Bxf6 23. Nb4 Rd4 24. Qe1 Rc8 25. c3 Rxd1 26. Rxd1 Bd8 27. Rxd6 Bxa5 28.
Qd2 Bxb4 29. cxb4 g6 30. Rd8+ Kg7 31. h4 h5 32. Rxc8 Qxc8 33. Qd6 Qc1+ 34. Kh2 Qxb2 35. Qxa6 Qxf2 36. Qxb5 Qb2 37. Qc5 Bg4 38. Kg1 Qa1+ 39. Kf2 Qb2+ 40. Kg1 Be2 41. Kf2 Bd3+ 42. Kg1 Qb1+ 43.
Kf2 Qb2+ 44. Kg1 Qd4+ 45. Qxd4 exd4 46. Kf2 Kf6 47. Kf3 Ke5 48. Kf2 Bxe4 49. Bxe4 Kxe4 50. Ke2 f6 51. b5 Kd5 52. Kd3 Kc5 53. b6 Kxb6 54.
Kxd4 Kc6 55. Ke4 Kd6 56. Kd4 Ke6 57. Ke4 g5 58. hxg5 fxg5 59. Ke3 Ke5 60. Kf3 Kd4 0-1

[Event "*** Titled Tuesday Blitz"]
[Site "Chess.com"]
[Date "2020.05.12"]
[Round "6"]
[White "Filip_Covic"]
[Black "Didici"]
[Result "0-1"]
[WhiteElo "2459"]
[BlackElo "2630"]
[TimeControl "180+1"]
[EndTime "11:07:44 PDT"]
[Termination "Didici won by checkmate"]

1. Nf3 d5 2. b3 Bg4 3. Ne5 Bh5 4. g4 Bg6 5. h4 f6 6. Nxg6 hxg6 7. c4 c6 8. Qc2 Kf7 9. h5 gxh5 10. gxh5 e6 11. Qg6+ Ke7 12. Ba3+ Kd7 13. Qf7+ Ne7 14. Bh3 f5 15.
Nc3 Qe8 16. Qxe8+ Kxe8 17. cxd5 cxd5 18. Nb5 Kd7 19. Nd6 Rxh5 20. Nxb7 Na6 21. Rc1 Nc6 22.
Bxf8 Rxf8 23. Bg2 Rxh1+ 24. Bxh1 g5 25. d3 Rb8 26. Nc5+ Nxc5 27. Rxc5 Kd6 28. Rc1 Nb4 29. a3 Na2 30. Rb1 Nc3 31. Rb2 a5 32. Kd2 d4 33.
e3 e5 34. b4 a4 35. Rc2 Rh8 36. Bb7 Rh2 37. exd4 exd4 38. Ke1 g4 39. Kf1 Rh7 40. Bg2 Rc7 41. Rb2 Nb5 42. Ra2 Rc3 43. Ke2 Rxa3 44. Rxa3 Nxa3 45. Kd2 Nb5 46. Kc2 Nc3 47. Kb2 f4 48. Ka3 f3 49. Bf1 Ke5 50. b5 Nxb5+ 51. Kxa4 Nc3+ 52. Kb3 Ne2 53. Kc2 Nf4 54. Kd2 Kd5 55.
Ke1 Kc5 56. Kd2 Kb4 57. Kc2 Ka3 58. Kd2 Kb2 59. Ke1 Kc2 60. Be2 fxe2 61. f3 gxf3 62. Kf2 Nxd3+ 63. Kxf3 e1=Q 64. Kg4 Qe3 65. Kf5 Qe5+ 66.
Kg6 Qf4 67. Kg7 Ne5 68. Kg8 Qf7+ 69. Kh8 Ng6# 0-1

[Event "*** Titled Tuesday Blitz"]
[Site "Chess.com"]
[Date "2020.05.12"]
[Round "6"]
[White "vanea_03"]
[Black "amiralfio"]
[Result "0-1"]
[WhiteElo "2616"]
[BlackElo "2476"]
[TimeControl "180+1"]
[EndTime "11:07:45 PDT"]
[Termination "amiralfio won by resignation"]

1. d4 f5 2. Nc3 Nf6 3. Bg5 Nc6 4. d5 Ne5 5. Nf3 Nf7 6. Bf4 g6 7. e3 Bg7 8. Be2 O-O 9. Qd2 Nh5 10. O-O-O a6 11. h3 Nxf4 12. exf4 b5 13. Rhe1 b4 14. Na4 c5 15. Bc4 Qa5 16. b3 Nd6 17. Qd3 Ne4 18. Rxe4 fxe4 19. Qxe4 d6 20. Qxe7 Qd8 21. Qxd8 Rxd8 22.
Nb6 Ra7 23. Nxc8 Rxc8 24. Ng5 Bd4 25. Rf1 a5 26. Ne6 Bc3 27. Bb5 Rf7 28. g3 h6 29. h4 Rb8 30. Ba4 Rf5 31. Bc6 a4 32.
Kd1 axb3 33. axb3 Rb6 34. Ke2 Kf7 35. Kd3 Rxc6 36. Nd8+ Kf6 37. Nxc6 Rxd5+ 38. Ke3 Rd2 39. Rc1 Rd5 40. Rg1 g5 41. hxg5+ hxg5 42. fxg5+ Kxg5 43. f4+ Kg4 44. Rg2 Rd1 45. Na5 Re1+ 46. Re2 Rxe2+ 47.
Kxe2 Kxg3 48. f5 Kf4 49. Kd3 Kxf5 50. Kc4 Ke6 51. Nc6 Be5 52. Na7 Kd7 53. Nb5 Ke6 54. Na7 Bf6 55. Kb5 Kd5 56. Nc6 Bg5 57. Na5 Bd8 58. Nc6 Bc7 59. Ne7+ Ke6 60. Nc6 Kd5 61. Ne7+ Kd4 62. Nf5+ Kc3 63. Kc6 Kxc2 64. Kxc7 Kxb3 65. Nxd6 c4 66. Kc6 c3 67. Kd5 c2 0-1

[Event "*** Titled Tuesday Blitz"]
[Site "Chess.com"]
[Date "2020.05.12"]
[Round "6"]
[White "NormWeinstein"]
[Black "nonsopolo1"]
[Result "0-1"]
[WhiteElo "2406"]
[BlackElo "2190"]
[TimeControl "180+1"]
[EndTime "11:07:46 PDT"]
[Termination "nonsopolo1 won on time"]

1. e4 d5 2. exd5 Qxd5 3. Nf3 Nf6 4. Be2 e6 5. c4 Qd8 6. d4 Be7 7. O-O O-O 8. Nc3 c6 9. b3 a6 10. Bb2 b5 11. Ne5 c5 12. dxc5 b4 13. Na4 Bb7 14.
Qxd8 Rxd8 15. Nb6 Ra7 16. Rfd1 Re8 17. Bd4 Nc6 18. Nxc6 Bxc6 19. h3 Be4 20. f3 Bg6 21. Bd3 Rc7 22. Bxg6 hxg6 23. Na4 Nd7 24. c6 Nf6 25. Bc5 Rxc6 26. Bxe7 Rxe7 27. a3 Rb7 28. Rd3 Nh5 29. axb4 Rxb4 30. Rad1 Nf4 31. Re3 f6 32. h4 e5 33. Kf2 Ne6 34. Rdd3 Nd4 35. f4 Nf5 36.
Rh3 e4 37. Rc3 Rd6 38. c5 Rd2+ 39. Kg1 e3 40. c6 e2 41. Rhe3 Nxe3 42. Rxe3 Rc2 43.
Kf2 Rxf4+ 44. Kg3 Rf1 45. c7 e1=Q+ 46. Rxe1 Rxe1 47. Nb6 Rxc7 48. Nd5 Rd7 49. Nf4 Re3+ 50. Kh2 Rxb3 51. Ne6 Kf7 52. Nc5 Rdb7 53. Ne4 Rb2 54.
Nd6+ Ke7 55. Nc4 R7b5 56. Ne3 a5 57. Nc4 a4 58. Na3 R5b4 59. h5 Ra2 60. h6 gxh6 61.
Nb1 Rxb1 0-1

[Event "*** Titled Tuesday Blitz"]
[Site "Chess.com"]
[Date "2020.05.12"]
[Round "6"]
[White "Shuvalov"]
[Black "Trickov"]
[Result "0-1"]
[WhiteElo "2438"]
[BlackElo "2301"]
[TimeControl "180+1"]
[EndTime "11:07:47 PDT"]
[Termination "Trickov won by resignation"]

1. Nf3 d5 2. c4 c6 3. g3 Nf6 4.
Bg2 Bf5 5. cxd5 cxd5 6. Qb3 Qb6 7. Qxb6 axb6 8. Nc3 Nc6 9. Nb5 Rc8 10. d3 e6 11. a3 h6 12. O-O Be7 13. Bf4 g5 14. Bd6 Kd7 15. Ne5+ Nxe5 16. Bxe5 Rc5 17. Nd4 Bg6 18. e4 Rhc8 19. b4 Rc3 20. Rfd1 Ng4 21.
Nf3 Rc2 22. Bd4 b5 23. h3 Nf6 24. Ne5+ Ke8 25. Re1 Bh7 26. exd5 Nxd5 27. Bf3 Kf8 28. Bh5 Bg8 29. Nd7+ Ke8 30. Nc5 b6 31. Nxe6 Rd2 32.
Ng7+ Kf8 33. Nf5 Bf6 34. Bf3 Rd8 35. Bxd5 Rxd5 36. Bxf6 Rxf5 37. Be7+ Kg7 38. Rf1 Rxd3 39. Rad1 Rfd5 40. Rxd3 Rxd3 41. Re1 Bh7 42. Re5 Rxa3 43. Rxb5 Be4 44. Kf1 Bd3+ 45. Ke1 Bxb5 46. Bd8 f6 47.
Bxb6 Rb3 48. Bc5 Kf7 49. Kd2 Ke6 50. Kc2 Rd3 51. h4 h5 52. hxg5 fxg5 53. Be3 h4 54.
gxh4 gxh4 55. Bf4 h3 56. Bh2 Kf5 57. Bc7 Kg4 58. Bh2 Kf3 59. Bg3 Kg2 60. Bc7 Kxf2 61.
Bh2 Kg2 62. Bc7 Rg3 63. Bxg3 Kxg3 64. Kc3 h2 65. Kd4 h1=Q 66. Kc5 Qf1 0-1